[Event "21st Dubai Open 2019"]
[Site "Dubai"]
[Date "2019.04.09"]
[Round "9.26"]
[White "Akash G"]
[Black "Shailesh, Dravid"]
[Result "1-0"]
[ECO "A48"]
[WhiteElo "2414"]
[BlackElo "2316"]
[Annotator "NA RC"]
[PlyCount "67"]
[EventDate "2019.04.01"]
[EventType "swiss"]
[EventCountry "UAE"]
[SourceTitle "playchess.com"]
[Source "ChessBase"]
[SourceQuality "1"]
[TimeControl "5400+30"]

1. Nf3 Nf6 2. d4 g6 3. Bg5 Bg7 4. Nbd2 O-O 5. c3 d6 6. e4 c5 7. dxc5 dxc5 8. Bc4 Nc6 9. O-O Qc7 10. Qe2 h6 11. Bxf6 exf6 12. Nh4 Kh7 13. f4 Rb8 14. Bd3 Re8 15. Nc4 b5 16. Ne3 c4 17. Bc2 Qb6 18. Kh1 f5 $11 19. e5 Be6 20. Nexf5 gxf5 21. Bxf5+ Bxf5 22. Nxf5 Ne7 23. Nxg7 Kxg7 24. f5 Kh7 25. Qh5 Rf8 26. f6 Ng6 27. Rf3 Rh8 28. Rh3 Kg8 29. Rg3 Kh7 30. Rh3 Kg8 31. Rg3 Kh7 32. Qf5 Rbe8 33. Rxg6 Rb8 34. Rg3# {Rhg8} 1-0

[Event "21st Dubai Open 2019"]
[Site "Dubai"]
[Date "2019.04.09"]
[Round "9.27"]
[White "Ravi, Thandalam Shanmugam"]
[Black "Manush Shah"]
[Result "1-0"]
[ECO "B18"]
[WhiteElo "2276"]
[BlackElo "2405"]
[Annotator "NA"]
[PlyCount "75"]
[EventDate "2019.04.01"]
[EventType "swiss"]
[EventCountry "UAE"]
[SourceTitle "playchess.com"]
[Source "ChessBase"]
[SourceQuality "1"]
[TimeControl "5400+30"]

1. e4 c6 2. d4 d5 3. Nd2 dxe4 4. Nxe4 Bf5 5. Ng3 Bg6 6. h4 h6 7. Nf3 Nf6 8. Ne5 Bh7 9. Bd3 Bxd3 10. Qxd3 e6 11. Bd2 Nbd7 12. f4 Be7 13. O-O-O {B19: Classical Caro-Kann: 4...Bf5 main line} O-O (13... Qc7 14. Ne4 Nxe4 15. Qxe4 Nf6 16. Qf3 g6 17. Kb1 h5 18. c4 Rc8 19. Bc3 b5 20. d5 cxd5 21. cxd5 Nxd5 22. Rxd5 exd5 23. Qxd5 {1-0 (29) Saric,I (2652)-Navara,D (2725) Tallinn 2016}) 14. Qf3 Qc7 15. Rhe1 c5 16. Nxd7 Qxd7 17. dxc5 Qa4 18. Kb1 Bxc5 19. Bc3 Nd5 $16 ({Black should try} 19... Qc6) 20. Nh5 Nb4 21. Bxb4 Qxb4 22. a3 Qa5 23. b4 Bxb4 24. axb4 Qxb4+ 25. Qb3 Qc5 26. Re5 Qe7 27. f5 Qxh4 28. fxe6 fxe6 29. Qxe6+ Kh8 30. Qe7 Qg4 31. Rd7 Rf1+ 32. Kb2 Rg8 33. Rd8 Rff8 34. Qxf8 Rxf8 35. Rxf8+ Kh7 36. Nf6+ gxf6 37. Re7+ Kg6 38. Rg8+ 1-0

[Event "21st Dubai Open 2019"]
[Site "Dubai"]
[Date "2019.04.09"]
[Round "9.28"]
[White "Raja Rithvik R"]
[Black "Srihari L R"]
[Result "1-0"]
[ECO "A85"]
[WhiteElo "2391"]
[BlackElo "2263"]
[Annotator "NA"]
[PlyCount "87"]
[EventDate "2019.04.01"]
[EventType "swiss"]
[EventCountry "UAE"]
[SourceTitle "playchess.com"]
[Source "ChessBase"]
[SourceQuality "1"]
[TimeControl "5400+30"]

1. d4 f5 2. c4 Nf6 3. Nc3 g6 4. h4 Bg7 5. h5 Nxh5 6. e4 Nf6 7. exf5 d6 8. fxg6 hxg6 9. Rxh8+ Bxh8 10. Bd3 Bf5 11. Bxf5 gxf5 12. Bg5 Nbd7 13. Qf3 Qc8 14. O-O-O c5 15. Qxf5 cxd4 16. Qg6+ Kd8 17. Rxd4 a6 18. Nge2 Ne5 19. Qh6 Kd7 20. Bxf6 Bxf6 21. Nd5 Qh8 22. Qf4 Rf8 23. Qf5+ e6 24. Nxf6+ Qxf6 25. Qxf6 Rxf6 26. f3 Rg6 27. Nf4 Rg3 28. Re4 Rg8 29. Kd2 Rh8 30. c5 Rh1 31. cxd6 Kxd6 32. Nxe6 b5 33. Nf4 Ra1 34. a3 Rg1 35. Kc2 a5 36. Re2 a4 37. Nd3 Nc4 38. Kc3 Kd5 39. Kb4 Kd4 40. Nf4 Nd6 41. Re6 Rb1 42. Rxd6+ Ke5 43. Rd2 Kxf4 44. Re2 1-0

[Event "21st Dubai Open 2019"]
[Site "Dubai"]
[Date "2019.04.09"]
[Round "9.29"]
[White "Tissir, Mohamed"]
[Black "Abelgas, Roel"]
[Result "1-0"]
[ECO "A05"]
[WhiteElo "2386"]
[BlackElo "2256"]
[Annotator "NA"]
[PlyCount "119"]
[EventDate "2019.04.01"]
[EventType "swiss"]
[EventCountry "UAE"]
[SourceTitle "playchess.com"]
[Source "ChessBase"]
[SourceQuality "1"]
[TimeControl "5400+30"]

1. Nf3 Nf6 2. c4 g6 3. g3 Bg7 4. Bg2 O-O 5. O-O d6 6. Nc3 c5 7. d3 Nc6 8. a3 Rb8 9. Rb1 a6 10. b4 cxb4 11. axb4 b5 12. cxb5 axb5 13. Bd2 Bd7 14. Qb3 {[%emt 0:02:20] A38: Symmetrical English vs ...g6: 4 Bg2 Bg7 5 Nf3 Nf6} Bg4 15. Be3 Qd7 16. Rfc1 Be6 17. Qd1 Ng4 $146 ({Predecessor:} 17... Nd5 18. Nxd5 Bxd5 19. Qd2 Ra8 20. Rc2 Ra4 {½-½ (40) Kirschner,M (1516)-Schwartz,G (2076) Griesheim 2006}) 18. Bd2 Qa7 19. Qe1 Bd7 20. h3 Nf6 21. Be3 $16 Qa6 22. Qd2 Rfc8 23. Ra1 Qb7 24. Nd4 Ra8 25. Rxa8 Qxa8 26. Ncxb5 d5 27. Nxc6 Rxc6 28. Rxc6 Bxc6 29. Nd4 Bb7 30. Nb3 Qa3 31. Nc5 Bc6 32. Bd4 Bb5 33. Qb2 Qxb2 34. Bxb2 e6 35. Kf1 Ne8 36. Bxg7 Kxg7 37. Ke1 Kf6 38. Kd2 Ke7 39. e4 dxe4 40. dxe4 e5 41. Bf3 Kd6 42. Bd1 Nc7 43. Bb3 f6 44. h4 h6 45. Bd1 Kc6 46. Bg4 Kd6 47. Bc8 Bf1 48. Bd7 g5 49. Bf5 Nb5 50. Nd7 Ke7 51. Nb6 Nc7 52. Ke3 Ne8 53. Bg4 Kd6 54. Be2 Bxe2 55. Kxe2 Nc7 56. Kd3 Kc6 57. hxg5 fxg5 58. Nc4 h5 59. Nxe5+ Kb5 60. Nf3 1-0

[Event "21st Dubai Open 2019"]
[Site "Dubai"]
[Date "2019.04.09"]
[Round "9.30"]
[White "Chekh Adm Khedr, Aram"]
[Black "Rathnakaran, K.."]
[Result "1-0"]
[ECO "C05"]
[WhiteElo "2146"]
[BlackElo "2351"]
[Annotator "NA"]
[PlyCount "59"]
[EventDate "2019.04.01"]
[EventType "swiss"]
[EventCountry "UAE"]
[SourceTitle "playchess.com"]
[Source "ChessBase"]
[SourceQuality "1"]
[TimeControl "5400+30"]

1. e4 e6 2. d4 d5 3. Nd2 Nf6 4. e5 Nfd7 5. Bd3 c5 6. c3 Nc6 7. Ngf3 $11 Be7 8. O-O g5 9. dxc5 g4 10. Nd4 Ncxe5 11. Bb5 Bxc5 12. f4 Nc6 13. N2b3 Bxd4+ 14. Nxd4 Nxd4 15. Qxd4 O-O 16. f5 e5 17. Qxd5 Qc7 18. Bg5 Nb6 19. Qe4 f6 20. Bh6 Rf7 21. Be8 Re7 22. Qxg4+ Kh8 23. Qh4 Nd5 24. Rad1 Qb6+ 25. Kh1 Rxe8 26. Rxd5 Rd8 27. Qb4 Re8 28. Qh4 a5 29. Rfd1 Ra6 30. Qg3 1-0

[Event "21st Dubai Open 2019"]
[Site "Dubai"]
[Date "2019.04.09"]
[Round "9.31"]
[White "San Diego, Jerlyn Mae"]
[Black "Naboka, Sergey"]
[Result "1/2-1/2"]
[ECO "C11"]
[WhiteElo "1836"]
[BlackElo "2327"]
[Annotator "NA"]
[PlyCount "101"]
[EventDate "2019.04.01"]
[EventType "swiss"]
[EventCountry "UAE"]
[SourceTitle "playchess.com"]
[Source "ChessBase"]
[SourceQuality "1"]
[TimeControl "5400+30"]

1. e4 e6 2. d4 d5 3. Nc3 Nf6 4. Bg5 dxe4 5. Bxf6 gxf6 6. Nxe4 f5 7. Ng3 c5 8. Nf3 cxd4 9. Qxd4 Qxd4 10. Nxd4 Bd7 11. Nb5 Na6 12. O-O-O Bc5 13. Nd6+ Bxd6 14. Rxd6 Nc7 15. Rd2 Bc6 16. f3 h5 17. h4 Ke7 18. c4 Rag8 19. Ne2 e5 20. Nc3 Rg3 21. b4 b6 22. b5 Ba8 23. Bd3 Kf6 24. Rhd1 Ne6 25. Bf1 Rc8 26. Kb2 Nc5 27. Rd6+ Ke7 28. R6d2 Rgg8 29. Nd5+ Bxd5 30. Rxd5 Kf6 31. Rd6+ Ne6 32. a4 Rc7 33. a5 bxa5 34. Ra6 e4 35. Re1 Ke5 36. Rxa5 Kf4 37. fxe4 fxe4 38. Rea1 f5 39. Rxa7 Rxa7 40. Rxa7 Ke3 41. Re7 Nc5 42. Re5 Nd3+ 43. Bxd3 Kxd3 44. Rxf5 e3 45. Rxh5 Kxc4 46. Re5 Rxg2+ 47. Ka3 e2 48. b6 Rg3+ 49. Ka4 Rg2 50. Re4+ Kc5 51. Kb3 1/2-1/2

[Event "21st Dubai Open 2019"]
[Site "Dubai"]
[Date "2019.04.09"]
[Round "9.32"]
[White "Aaryan, Varshney"]
[Black "Venkatesh, M.R."]
[Result "1-0"]
[ECO "E91"]
[WhiteElo "2199"]
[BlackElo "2517"]
[Annotator "ChessBase"]
[PlyCount "85"]
[EventDate "2019.04.01"]
[EventType "swiss"]
[EventCountry "UAE"]
[SourceTitle "playchess.com"]
[Source "ChessBase"]
[SourceQuality "1"]
[TimeControl "5400+30"]

1. d4 Nf6 2. Nf3 g6 3. c4 Bg7 4. Nc3 O-O 5. e4 d6 6. Be2 c5 7. d5 e6 8. O-O exd5 9. exd5 Bg4 10. h3 Bxf3 11. Bxf3 Nbd7 12. Bf4 Ne8 13. Qd2 Ne5 14. Be2 f5 15. Rae1 a6 16. Bh2 Qa5 17. a3 Nc7 18. Ne4 Qxd2 19. Nxd2 Nf7 20. Rb1 Rfe8 21. Bd3 a5 22. b3 Rab8 23. Rfd1 Ne5 24. Bf1 b6 25. Re1 Bh6 26. f4 Nf7 27. g4 Bg7 28. Nf3 Bc3 29. Rxe8+ Rxe8 30. gxf5 gxf5 31. Kf2 Na6 32. Bd3 Nh6 33. Bg3 Kf7 34. Ng5+ Kg6 35. Ne6 Bd4+ 36. Kf3 Kh5 37. Bf2 Rg8 38. Nxd4 cxd4 39. b4 axb4 40. axb4 Nc7 41. Bxd4 b5 42. cxb5 Rb8 43. Rg1 1-0

[Event "21st Dubai Open 2019"]
[Site "Dubai"]
[Date "2019.04.09"]
[Round "9.33"]
[White "Aditya Mittal"]
[Black "Blagojevic, Tijana"]
[Result "1/2-1/2"]
[ECO "D43"]
[WhiteElo "2457"]
[BlackElo "2216"]
[Annotator "ChessBase"]
[PlyCount "78"]
[EventDate "2019.04.01"]
[EventType "swiss"]
[EventCountry "UAE"]
[SourceTitle "playchess.com"]
[Source "ChessBase"]
[SourceQuality "1"]
[TimeControl "5400+30"]

1. d4 d5 2. c4 c6 3. Nf3 Nf6 4. Nc3 e6 5. g3 dxc4 6. Bg2 b5 7. Ne5 Nd5 8. O-O Bb7 9. a4 a6 10. e4 Nxc3 11. bxc3 Nd7 12. Bf4 Be7 13. Qg4 g6 14. Bh6 Nxe5 15. dxe5 Rg8 16. h4 Qc7 17. Qf4 Rd8 18. Rfd1 Rxd1+ 19. Rxd1 a5 20. Qd2 Qd8 21. Qe2 Qc7 22. f4 Bc8 23. Kh2 Bd7 24. Bh3 Kd8 25. Bg5 Bxg5 26. hxg5 Kc8 27. Rd6 Rd8 28. Qd2 bxa4 29. Bf1 Qb6 30. Bxc4 a3 31. Qe2 Be8 32. Qd3 Rxd6 33. Ba6+ Kb8 34. Qxd6+ Ka7 35. Bc4 a2 36. Qe7+ Qb7 37. Qc5+ Qb6 38. Qe7+ Qb7 39. Qa3 Qb6 1/2-1/2

[Event "21st Dubai Open 2019"]
[Site "Dubai"]
[Date "2019.04.09"]
[Round "9.34"]
[White "Mohannad, Farhan"]
[Black "Mendonca, Leon Luke"]
[Result "0-1"]
[ECO "A72"]
[WhiteElo "2183"]
[BlackElo "2427"]
[Annotator "NA"]
[PlyCount "140"]
[EventDate "2019.04.01"]
[EventType "swiss"]
[EventCountry "UAE"]
[SourceTitle "playchess.com"]
[Source "ChessBase"]
[SourceQuality "1"]
[TimeControl "5400+30"]

1. d4 Nf6 2. c4 e6 3. Nf3 c5 4. d5 d6 5. Nc3 exd5 6. cxd5 g6 7. e4 Bg7 8. Be2 O-O 9. Be3 a6 10. a4 Bg4 11. Nd2 Bxe2 12. Qxe2 Re8 13. O-O Nbd7 {[%emt 0:02:15] A75: Modern Benoni: Classical: 9...a6 10 a4 Bg4} 14. h3 {[%emt 0:04:25] [#]} Rb8 $146 ({Predecessor:} 14... Rc8 15. a5 Qc7 {1-0 (30) Riazantsev,A (2666)-Yuffa,D (2527) Cheliabinsk 2017}) 15. a5 h6 16. Rfe1 Qc7 17. f3 Nh5 18. g4 Nhf6 19. Nc4 $11 (19. Bf4 $16) 19... Ne5 20. Nxe5 Rxe5 21. Bf4 Nh7 22. Bxe5 Bxe5 23. Qd2 b6 24. axb6 Rxb6 25. f4 Bd4+ 26. Kh1 Nf6 27. Ra4 Nd7 28. Re2 Qb7 29. Ra2 Rb3 30. Qd3 Qb4 31. Ra3 Rxa3 32. bxa3 Qxc3 33. Qxc3 Bxc3 34. Kg2 g5 35. fxg5 hxg5 36. Re3 Bd4 37. Rb3 c4 38. Rb4 Ne5 39. Kf1 Bc5 40. Ra4 Nf3 41. Ke2 Ng1+ 42. Kf1 Nf3 43. Ke2 Ng1+ 44. Kf1 c3 45. Rc4 Nf3 46. Rxc3 Nd2+ 47. Ke2 Nxe4 48. Rb3 Nf6 49. Rd3 Kg7 50. Kd1 Ng8 51. Kc2 Ne7 52. Kb3 Ng6 53. Rf3 Nf4 54. Kc4 Ng2 55. Rd3 Ne3+ 56. Kb3 Kf6 57. Ka4 Ke5 58. Ka5 Ke4 59. Rb3 Bxa3 60. Kxa6 Bc5 61. Rb7 f6 62. Kb5 Nxd5 63. Kc6 Nf4 64. Rf7 Bd4 65. Kxd6 Nxh3 66. Re7+ Be5+ 67. Ke6 Nf2 68. Ra7 Nxg4 69. Ra4+ Kf3 70. Ra3+ Ne3 0-1

[Event "21st Dubai Open 2019"]
[Site "Dubai"]
[Date "2019.04.09"]
[Round "9.36"]
[White "Charkhalashvili, Inga"]
[Black "Franco Valencia, Angela"]
[Result "1/2-1/2"]
[ECO "A61"]
[WhiteElo "2338"]
[BlackElo "2141"]
[Annotator "NA"]
[PlyCount "57"]
[EventDate "2019.04.01"]
[EventType "swiss"]
[EventCountry "UAE"]
[SourceTitle "playchess.com"]
[Source "ChessBase"]
[SourceQuality "1"]
[TimeControl "5400+30"]

1. d4 Nf6 2. c4 c5 3. d5 e6 4. Nc3 exd5 5. cxd5 d6 6. Nf3 g6 7. Bf4 Bg7 8. Qa4+ Bd7 9. Qb3 Qc7 10. e4 O-O 11. Be2 Nh5 12. Be3 a6 13. a4 Bg4 14. h3 Bxf3 15. Bxf3 Nf6 16. O-O Nbd7 17. a5 Rfe8 18. Qc2 h6 19. Be2 Re7 20. Ra4 Rae8 21. Bf4 Ne5 22. Bd2 Ned7 23. Bd3 Ne5 24. Be2 Ned7 25. Bd3 Ne5 26. Be2 Ned7 27. Bd3 Ne5 28. Be2 Ned7 29. Bd3 1/2-1/2

[Event "21st Dubai Open 2019"]
[Site "Dubai"]
[Date "2019.04.09"]
[Round "9.37"]
[White "Nitish Belurkar"]
[Black "Ansat, Aldiyar"]
[Result "0-1"]
[ECO "B23"]
[WhiteElo "2327"]
[BlackElo "2117"]
[Annotator "NA"]
[PlyCount "100"]
[EventDate "2019.04.01"]
[EventType "swiss"]
[EventCountry "UAE"]
[SourceTitle "playchess.com"]
[Source "ChessBase"]
[SourceQuality "1"]
[TimeControl "5400+30"]

1. e4 c5 2. Ne2 Nc6 3. Nbc3 g6 4. h3 Bg7 5. d3 e6 6. g4 Nge7 7. Bg2 O-O 8. O-O d6 9. f4 f5 10. Ng3 Rb8 11. a4 a6 12. Be3 Nd4 13. Rb1 Bd7 14. Bd2 Nec6 15. Nce2 Nxe2+ 16. Nxe2 Nd4 17. b3 fxg4 18. hxg4 Qh4 19. c3 Nxe2+ 20. Qxe2 g5 21. Be1 Qh6 22. f5 Be5 23. Qf3 exf5 24. gxf5 Rf7 25. Qh3 Qg7 26. Rc1 Rbf8 27. Bg3 Bxc3 28. Bxd6 Bd4+ 29. Kh2 Re8 30. Bg3 Rf6 31. Qg4 h5 32. Qd1 h4 33. Bf2 Be5+ 34. Kh1 g4 35. Rg1 g3 36. Bh3 Rg6 37. Rg2 b6 38. Be3 Rd6 39. Qe2 Bc6 40. Rf1 Red8 41. Qh5 Bf6 42. Rf4 Qh7 43. Qe2 Rxd3 44. Rg4+ Kf8 45. Rg6 Rd1+ 46. Bg1 Qe7 47. Qg4 Qf7 48. Qf4 R8d4 49. Qh6+ Ke7 50. e5 Rxg1+ 0-1